 Dungeon Crawl Stone Soup version 0.23-a0-650-ga4d50d4 (webtiles) character file.

170 oinkly the Poker (level 5, -4/37 HPs)
             Began as an Octopode Chaos Knight on Jan 4, 2019.
             Was a Follower of Makhleb.
             Killed from afar by an orc wizard (9 damage)
             ... with a wand of acid (3)
             ... on level 4 of the Dungeon.
             The game lasted 00:06:24 (3591 turns).

oinkly the Poker (Octopode Chaos Knight)            Turns: 3591, Time: 00:06:24

Health: -4/37      AC:  1    Str: 12 (13) XL:     5   Next: 50%
Magic:  14/14      EV: 11    Int: 15      God:    Makhleb [*.....]
Gold:   165        SH:  0    Dex: 10      Spells: 4/4 levels left

rFire    x . .     SeeInvis .   a - +0 spear (chaos)
rCold    + + .     Gourm    .   i - +0 shield
rNeg     . . .     Faith    .   (helmet restricted)
rPois    .         Spirit   .   m - amulet of rage
rElec    .         Reflect  .   d - ring of magical power
rCorr    .         Harm     .   k - +2 ring of strength
MR       .....                  l - ring of ice
Stlth    ++........             (no ring)
HPRegen  0.12/turn              (no ring)
MPRegen  0.14/turn              (no ring)
                                (no ring)
                                (no ring)

@: confused, lethally poisoned (-4 -> -8)
A: almost no armour, stealthy swim, amphibious, 8 rings, constrict 8, camouflage
1, clumsy 1, cold resistance 1, deterioration 2, gelatinous body 1
a: Renounce Religion, Evoke Berserk Rage


You were on level 4 of the Dungeon.
You worshipped Makhleb.
Makhleb was aware of your devotion.
You were not hungry.

You visited 1 branch of the dungeon, and saw 4 of its levels.

You collected 165 gold pieces.

Inventory:

Hand Weapons
 a - a +0 spear of chaos (weapon)
Missiles
 p - 9 tomahawks (quivered)
Armour
 i - a +0 shield (worn)
Jewellery
 d - a ring of magical power (left tentacle)
 k - a +2 ring of strength (right tentacle)
 l - a ring of ice (on tentacle)
 m - an amulet of rage (around mantle)
Wands
 t - a wand of polymorph (11)
Scrolls
 c - 7 scrolls of teleportation {unknown}
 e - 2 scrolls of remove curse {unknown}
 h - 3 scrolls of amnesia {unknown}
 j - 3 scrolls of identify {unknown}
 n - a scroll of enchant weapon {unknown}
 o - 3 scrolls of noise {unknown}
 s - 5 scrolls of enchant armour {unknown}
Potions
 r - a potion of agility {unknown}
Comestibles
 b - 10 rations
 q - 4 chunks of flesh


   Skills:
 + Level 3.8 Fighting
 + Level 4.4 Polearms
 - Level 2.7 Dodging
 - Level 3.3 Stealth
 + Level 1.0 Shields


You had 4 spell levels left.
You didn't know any spells.
Your spell library was empty.

Dungeon Overview and Level Annotations

Branches:
Dungeon (4/15)             Temple (0/1) D:4

Altars:
Cheibriados
Makhleb
Trog
Uskayaw
Xom

Shops:
D:4 =

Annotations:
D:2 exclusion: downstairs
D:3 exclusion: downstairs


Innate Abilities, Weirdness & Mutations

You cannot wear most types of armour.
You are very stealthy in the water. (Stealth+)
You are amphibious.
You can wear up to eight rings at the same time.
You can use your tentacles to constrict eight enemies at once.
Your skin changes colour to match your surroundings (Stealth+).
Your rubbery body absorbs attacks. (AC +1, EV +1)
You are clumsy. (Dex -2)
Your flesh is cold resistant. (rC+)
Your body often deteriorates upon taking damage.


Message History

You hit the orc wizard but do no damage.
The orc wizard points at you and mumbles some strange words.
The magic dart hits you!
* * * LOW HITPOINT WARNING * * *
The orc wizard hits you with a +2 dagger of venom.
* * * LOW HITPOINT WARNING * * *
You are poisoned.
The orc wizard gestures at you while chanting.
The magic dart hits you!
* * * LOW HITPOINT WARNING * * *
You feel sick.
The orc wizard looks braver for a moment.
The orc wizard hits you with a +0 dagger.
* * * LOW HITPOINT WARNING * * *
You hit the orc wizard but do no damage.
Sparks fly from the orc wizard's hands!
The orc wizard hits you with a +0 dagger.
* * * LOW HITPOINT WARNING * * *
The orc wizard zaps a wand.
The bolt of acid hits you!
You die...

...# #..#.......#............#
...## ##.......<###.............
....####..#......###........##..)
.....##.###.......##.........#...
.......## #........#..###........
.####.## ##.......o.## ###......
# #...# #....oo..## ##.....
#.#..# #....o##.## #...[ .# #.#
#....@##..## .... .# #.
#....#o....# .... #.
#......######## .. # .#..## ..# #


You could see 3 orc wizards and an orc.

Vanquished Creatures
  A hound (D:4)
  An orc priest (D:4)
  An orc wizard (D:3)
  2 adders (D:4)
  4 worms
  2 dart slugs (D:1)
  A leopard gecko (D:4)
  4 orcs
  7 bats
  A giant cockroach (D:3)
  2 goblins (D:3)
  3 hobgoblins
  4 jackals (D:3)
  A ball python (D:2)
  A frilled lizard (D:1)
  8 kobolds
  7 rats
50 creatures vanquished.

Notes
Turn   | Place    | Note
-------+----------+-------------------------------------------
     0 | D:1      | oinkly the Octopode Chaos Knight began the quest for the
                  | Orb.
     0 | D:1      | Reached XP level 1. HP: 16/16 MP: 1/1
   353 | D:1      | Reached XP level 2. HP: 21/21 MP: 2/2
  1108 | D:2      | XOM: harmless Necr miscast
  1119 | D:2      | Reached XP level 3. HP: 26/26 MP: 3/3
  1259 | D:2      | XOM: divination: detect creatures
  1287 | D:2      | XOM: mild Hex miscast
  1460 | D:2      | XOM: scenery: create altars
  1574 | D:3      | XOM: divination: detect creatures
  1596 | D:3      | Found a bloodstained altar of Trog.
  1599 | D:3      | Found a hide-covered altar of Uskayaw.
  1602 | D:3      | Found a snail-covered altar of Cheibriados.
  1609 | D:3      | Found a burning altar of Makhleb.
  1612 | D:3      | Reached skill level 1 in Stealth
  1618 | D:3      | Fell from the grace of Xom
  1618 | D:3      | Became a worshipper of Makhleb the Destroyer
  1906 | D:3      | XOM: medium Tloc miscast
  2653 | D:4      | XOM: severe Hex miscast
  2737 | D:4      | Reached XP level 4. HP: 31/31 MP: 4/4
  2809 | D:4      | Found a staircase to the Ecumenical Temple.
  2946 | D:4      | Found Laitodd's Jewellery Emporium.
  3122 | D:4      | Reached skill level 4 in Polearms
  3122 | D:4      | Reached XP level 5. HP: 31/37 MP: 5/5
  3391 | D:4      | XOM: give mutations
  3391 | D:4      | Gained mutation: Your body sometimes deteriorates upon
                  | taking damage. [Xom's mischief]
  3391 | D:4      | Gained mutation: Your flesh is cold resistant. (rC+) [Xom's
                  | mischief]
  3391 | D:4      | Gained mutation: Your body often deteriorates upon taking
                  | damage. [Xom's mischief]
  3391 | D:4      | Gained mutation: You are clumsy. (Dex -2) [Xom's mischief]
  3507 | D:3      | Reached * piety under Makhleb
  3507 | D:3      | Reached skill level 1 in Shields
  3569 | D:3      | XOM: summons 10 hostile demons
  3591 | D:4      | Killed from afar by an orc wizard

Vault maps used:
D:1:      scummos_arrival_hexagon
D:3:      grunt_temple_overflow_cloverleaf
D:4:      temple_fountains, serial_shops, shop

Skill      XL: |  1  2  3  4  5 |
---------------+----------------+-----
Stealth        | 2 3 |  3.3
Polearms       | 4 |  4.4
Shields        | 1 |  1.0
Fighting       | |  3.8
Dodging        | |  2.7

Action                   |  1- 3 |  4- 6 || total
-------------------------+-------+-------++-------
Melee: Spear             |   107 |    43 ||   150
       Constrict         |    21 |     8 ||    29
       Tentacles         |    12 |     7 ||    19
  Use: Potion            |       |     2 ||     2
 Stab: Sleeping          |    16 |       ||    16
       Petrified         |     2 |       ||     2
       Paralysed         |     1 |     6 ||     7
       Distracted        |       |     1 ||     1
  Eat: Chunk             |     6 |     2 ||     8
Armor: Skin              |     9 |     2 ||    11
Dodge: Dodged            |    28 |    19 ||    47
Block: Shield            |    10 |    11 ||    21

Table legend:
 A = Non-vault XP
 B = Vault XP
 C = Vault XP percentage of total XP
 D = Non-vault monster count
 E = Vault monster count
 F = Vault count percentage of total count
                 A         B        C        D         E       F
            +---------+---------+-------+---------+---------+-------
      Total |     243 |       0 |   0.0 |      50 |       0 |   0.0
            +---------+---------+-------+---------+---------+-------
        D:1 |      29 |       0 |   0.0 |      19 |       0 |   0.0
        D:2 |      10 |       0 |   0.0 |       5 |       0 |   0.0
        D:3 |      65 |       0 |   0.0 |      15 |       0 |   0.0
        D:4 |     139 |       0 |   0.0 |      11 |       0 |   0.0
            +---------+---------+-------+---------+---------+-------
